 Dungeon Crawl Stone Soup version 0.30-a0-605-gb2882149bf (webtiles) character file.

Game seed: 6830362137581599484

38 wormed the Insei (level 3, -14/23 HPs)
             Began as an Octopode Transmuter on Jan 7, 2023.
             Demolished by Crazy Yiuf
             ... wielding a +3 quarterstaff of chaos
              (16 damage)
             ... on level 2 of the Dungeon.
             The game lasted 00:02:05 (1393 turns).

wormed the Insei (Octopode Transmuter)              Turns: 1393, Time: 00:02:06

Health: -14/23     AC:  1    Str:  9    XL:     3   Next: 43%
Magic:  1/6        EV: 13    Int: 17    God:
Gold:   42         SH:  0    Dex: 12    Spells: 3/6 levels left

rFire   . . .      SeeInvis .      - Unarmed
rCold   . . .      Faith    .    (no shield)
rNeg    . . .      Spirit   .    (helmet currently unavailable)
rPois   .          Reflect  .    (no amulet)
rElec   .          Harm     .    i - +4 ring of slaying
rCorr   .          Rampage  .    (no ring)
Will    .....                    (no ring)
Stlth   ++                       (no ring)
HPRegen 0.23/turn                (no ring)
MPRegen 0.10/turn                (no ring)
                                 (no ring)
                                 (no ring)

@: lethally poisoned (-14 -> -29), appendages, wereblooded
A: tentacle spike 3, almost no armour, amphibious, 8 rings, camouflage 1,
gelatinous body 1, (nimble swimmer 1), tentacles
a: End Transformation


You were on level 2 of the Dungeon.
One of your tentacles had grown a beastly spike.
You visited 1 branch of the dungeon, and saw 2 of its levels.

You collected 42 gold pieces.

Inventory:

Jewellery
 i - a +4 ring of slaying (left tentacle)
Scrolls
 b - a scroll of teleportation
 c - 2 scrolls of fog
 d - a scroll of summoning
 f - a scroll of noise {unknown}
Potions
 a - a potion of lignification
 e - a potion of haste
 j - a potion of heal wounds
 k - a potion of attraction {unknown}


   Skills:
 + Level 1.3 Fighting
 + Level 2.2 Dodging
 + Level 3.2 Unarmed Combat
 + Level 2.2 Spellcasting
 * Level 2.6 Transmutations
 + Level 0.9 Ice Magic


You had 3 spell levels left.
You knew the following spells:

 Your Spells              Type           Power      Damage    Failure   Level
a - Beastly Appendage     Tmut           22%        N/A       6%          1
b - Wereblood             Tmut           11%        N/A       10%         2

Your spell library contained the following spells:

 Spells                   Type           Power      Damage    Failure   Level
 Spider Form              Tmut/Pois      6%         N/A       32%         3
 Ice Form                 Ice/Tmut       8%         N/A       65%         4
 Borgnjor's Revivificati  Necr           0%         N/A       100%        8
 Necromutation            Tmut/Necr      3%         N/A       100%        8
 Death's Door             Necr           0%         N/A       100%        9


Dungeon Overview and Level Annotations

Branches:
Dungeon (2/15)

Altars:

Annotations:
D:2 Crazy Yiuf


Innate Abilities, Weirdness & Mutations

One of your tentacles has grown a beastly spike.
You cannot wear most types of armour.
You are amphibious.
You can wear up to eight rings at the same time.
Your skin changes colour to match your surroundings (Stealth+).
Your rubbery body absorbs attacks. (AC +1, EV +1)
((You are camouflaged when in or above water. (Stealth+)))
You have tentacles for arms and can constrict up to eight enemies at once.


Message History

Your primal bloodlust has ended.
Found a stone staircase leading up.
Found a stone staircase leading down.
Found 18 stones.
Found an escape hatch in the ceiling.
You now have 42 gold pieces (gained 9).
Found a hammer.
Found a runed translucent door.
Casting: Wereblood (safe; 10% risk of failure)
Confirm with . or Enter, or press ? or * to list all spells.
One of your tentacles grows a vicious spike.
Casting: Beastly Appendage (safe; 6% risk of failure)
Confirm with . or Enter, or press ? or * to list all spells.
Your blood is infused with primal strength.
No target in view!
No target in view!
Crazy Yiuf shouts!
Your transformation is almost over.
Casting: Wereblood (safe; 10% risk of failure)
Confirm with . or Enter, or press ? or * to list all spells.
You extend your transformation's duration.
Crazy Yiuf laughs, "Defame infinity pizzabubble!"
Casting: Beastly Appendage (safe; 6% risk of failure)
Confirm with . or Enter, or press ? or * to list all spells.
Your blood is freshly infused with primal strength!
You open the door. You barely miss Crazy Yiuf. Your grab misses Crazy Yiuf.
You squeeze Crazy Yiuf.
Crazy Yiuf is moderately wounded.
Crazy Yiuf whimpers, "Tosser action Hive!"
Crazy Yiuf hits you with a +3 quarterstaff of chaos!
Ouch! That really hurt!
* * * LOW HITPOINT WARNING * * *
You are lethally poisoned!
You tentacle-slap Crazy Yiuf. You grab Crazy Yiuf.
Crazy Yiuf is heavily wounded.
You constrict Crazy Yiuf.
* * * LOW HITPOINT WARNING * * *
You feel very sick.
Crazy Yiuf hits you with a +3 quarterstaff of chaos!
Ouch! That really hurt!
You die...

...........#########............#
##...####### #...........## #...#
#.####...#†..# #...# ###
##....#†. ###### #.##.#.. ####
#......† ...## ###### ###
####.... .(.(###.#..## ###..)#
###.. .....#......####@g...#
#...# .............#..##...# #
#.#.# ......#.#...#.### ###
#.###.... ........#######
##.....#.# ...###### #....#...#
#### #.......## .........#
...#.....# ..#......#


You could see Crazy Yiuf.

Vanquished Creatures
  2 worms (D:2)
  A dart slug (D:1)
  2 ball pythons (D:2)
  4 bats
  4 endoplasms
  3 goblins (D:1)
  3 hobgoblins
  A quokka (D:2)
  A frilled lizard (D:2)
  A kobold (D:1)
  7 rats
29 creatures vanquished.

Notes
Turn   | Place    | Note
-------+----------+-------------------------------------------
     0 | D:1      | wormed the Octopode Transmuter began the quest for the Orb.
     0 | D:1      | Reached XP level 1. HP: 13/13 MP: 3/3
   202 | D:1      | Reached XP level 2. HP: 18/18 MP: 3/5
   211 | D:1      | Learned a level 2 spell: Wereblood
  1065 | D:2      | Reached XP level 3. HP: 23/23 MP: 3/6
  1383 | D:2      | Found a runed translucent door.
  1386 | D:2      | Noticed Crazy Yiuf
  1393 | D:2      | Demolished by Crazy Yiuf

Illustrated notes

Levels and vault maps discovered:
D:1:      heliophobic_arrival_glass_houses, layout_basic
D:2:      layout_rooms, basic_altar, uniq_crazy_yiuf_cottage

Action                   || total
-------------------------++-------
Melee: Unarmed           ||    51
       Kick              ||    16
       Constrict         ||    11
       Tentacles         ||     5
 Cast: Beastly Appendage ||    19
       Wereblood         ||    13
  Use: Scroll            ||     7
 Stab: Sleeping          ||     5
Armor: Skin              ||     2
Dodge: Dodged            ||    22

Table legend: (Time is in decaauts)
 A = Elapsed time spent in this place.
 B = Non-inter-level travel time spent in this place.
 C = Inter-level travel time spent in this place.
 D = Time resting spent in this place.
 E = Time spent auto-exploring this place.
 F = Levels seen in this place.
 G = Mean time per level.
                   A        B        C        D        E       F      G
               +--------+--------+--------+--------+--------+-----+--------+
         Total |   1389 |   1351 |     38 |      0 |   1116 |   2 |  694.5 |
       Dungeon |   1389 |   1351 |     38 |      0 |   1116 |   2 |  694.5 |
               +--------+--------+--------+--------+--------+-----+--------+

Top non-repeatable levels by time:
     D:1: 1050 daAuts
     D:2: 338 daAuts
